 Dungeon Crawl Stone Soup version 0.30-a0-782-ge64f9170bb (webtiles) character file.

Game seed: 799851451951905219

1972346 Flugkiller the Rhythm of Life and Death (level 25, 236/236 HPs)
             Began as a Demonspawn Delver on Mar 12, 2023.
             Was a Follower of Uskayaw.
             Escaped with the Orb
             ... and 3 runes!
             The game lasted 01:15:05 (49647 turns).

Flugkiller the Rhythm of Life and Death (DsDe)     Turns: 49647, Time: 01:15:06

Health: 236/236    AC: 20    Str: 15      XL:     25   Next: 88%
Magic:  44/44      EV: 35    Int: 23      God:    Uskayaw [*.....]
Gold:   6444       SH: 20    Dex: 21 (22) Spells: 24/24 levels left

rFire   + . .      SeeInvis .    u - +5 demon blade (freeze)
rCold   + . .      Faith    +    o - +5 kite shield {rF+}
rNeg    + . .      Spirit   .    A - +3 ring mail "Suhyir" {rElec rPois rN+}
rPois   +          Reflect  .    B - +2 helmet
rElec   +          Harm     .    X - +2 cloak {rC+}
rCorr   .          Rampage  .    (gloves unavailable)
Will    +++..      Rnd*Tele +    I - +2 pair of boots
Stlth   +                        Z - amulet of faith
HPRegen 0.59/turn                j - ring of the Hare {EV+10}
MPRegen 0.29/turn                O - ring "Anuoh" {Drain Int+6 Dex+3 Slay+4}

@: no status effects
A: claws 3, rugged brown scales 3, powered by death 3, spiny 3, torment
resistance 1, demonic willpower, clever 1, clumsy 1, high MP 1, strong-willed 1,
teleportitis 1
0: Orb of Zot
}: 3/15 runes: decaying, silver, gossamer
a: Renounce Religion, Stomp


You escaped.
You worshipped Uskayaw.
Uskayaw was exalted by your worship.
You visited 9 branches of the dungeon, and saw 45 of its levels.
You also visited: Gauntlet and Ice Cave.

You collected 6940 gold pieces.
You spent 496 gold pieces at shops.

Inventory:

Hand Weapons
 k - a +9 scimitar of flaming
   (You took it off Erica on level 9 of the Dungeon)
 u - a +5 demon blade of freezing (weapon)
   (You took it off a hell knight on level 3 of the Depths)
Missiles
 r - 5 curare-tipped darts
 y - 2 throwing nets (quivered)
Armour
 o - a +5 kite shield of fire resistance (worn)
   (You took it off a tengu warrior on level 3 of the Depths)
 v - a scarf of resistance
   (You found it on level 4 of the Spider Nest)
 A - the +3 ring mail "Suhyir" (worn) {rElec rPois rN+}
   (You bought it in a shop on level 2 of the Orcish Mines)

   rElec:     It insulates you from electricity.
   rPois:     It protects you from poison.
   rN:        It protects you from negative energy.
 B - a +2 helmet (worn)
   (You found it on level 4 of the Dungeon)
 I - a +2 pair of boots (worn)
   (You found it on level 10 of the Dungeon)
 X - a +2 cloak of cold resistance (worn)
   (You found it in an ice cave)
Jewellery
 c - an amulet of guardian spirit
   (You took it off a rakshasa on level 3 of the Depths)
 f - a ring of protection from fire
   (You found it on level 3 of the Vaults)
 i - a +6 ring of dexterity
   (You found it on level 9 of the Dungeon)
 j - the ring of the Hare (left claw) {EV+10}
   (You found it on level 5 of the Realm of Zot)

   [ring of evasion]

   EV:        It affects your evasion (+10).
 m - a ring of willpower
   (You found it on level 2 of the Dungeon)
 M - the ring "Zyaxitia" {Fly rC+ rN+}
   (You found it on level 4 of the Vaults)

   [ring of positive energy]

   rC:        It protects you from cold.
   rN:        It protects you from negative energy.
   Fly:       It grants you flight.
 O - the ring "Anuoh" (right claw) {Drain Int+6 Dex+3 Slay+4}
   (You took it off a deep elf death mage on level 5 of the Vaults)

   [ring of intelligence]

   Int:       It affects your intelligence (+6).
   Dex:       It affects your dexterity (+3).
   Slay:      It affects your accuracy & damage with ranged weapons and melee
   (+4).
   Drain:     It drains your maximum health when unequipped.
 Z - an amulet of faith (around neck)
   (You took it off an ironbound preserver on level 5 of the Vaults)
Wands
 b - a wand of digging (19)
   (You found it on level 4 of the Lair of Beasts)
 G - a wand of iceblast (44)
   (You found it on level 5 of the Dungeon)
 L - a wand of mindburst (20)
   (You found it on level 4 of the Vaults)
 N - a wand of charming (31)
   (You found it on level 4 of the Lair of Beasts)
 P - a wand of acid (27)
   (You found it on level 4 of the Dungeon)
Scrolls
 a - 6 scrolls of fog
 e - 3 scrolls of summoning
 g - 4 scrolls of torment
 l - 14 scrolls of immolation
 t - 22 scrolls of teleportation
 z - 11 scrolls of blinking
 C - 11 scrolls of fear
 D - 2 scrolls of silence
 E - 3 scrolls of magic mapping
 T - 6 scrolls of vulnerability
 V - 2 scrolls of enchant armour
Potions
 d - 5 potions of might
 h - 6 potions of haste
 n - 5 potions of resistance
 p - 5 potions of invisibility
 q - 23 potions of curing
 s - 8 potions of berserk rage
 w - 5 potions of heal wounds
 x - 5 potions of cancellation
 H - 7 potions of lignification
 J - 6 potions of magic
 S - 7 potions of ambrosia
 W - 7 potions of flight
Miscellaneous
 F - a tin of tremorstones (2/2)
   (You found it in a Gauntlet)
 Q - a box of beasts
   (You found it on level 10 of the Dungeon)


   Skills:
 + Level 23.2 Fighting
 - Level 19.0 Long Blades
 + Level 22.7 Dodging
 - Level 4.5 Stealth
 - Level 16.0 Shields
 O Level 27 Invocations
 - Level 10.0 Evocations


You had 24 spell levels left.
You didn't know any spells.
Your spell library contained the following spells:

 Spells                   Type           Power      Damage    Failure   Level
 Foxfire                  Conj/Fire      0%         2x1d4     45%         1
 Freeze                   Ice            0%         1d3       45%         1
 Kiss of Death            Conj/Necr      0%         2d5       45%         1
 Magic Dart               Conj           0%         1d3       45%         1
 Necrotise                Necr           0%         1d4       45%         1
 Blink                    Tloc           0%         N/A       61%         2
 Call Imp                 Summ           0%         N/A       61%         2
 Ensorcelled Hibernation  Hex/Ice        0%         N/A       61%         2
 Lesser Beckoning         Tloc           0%         N/A       61%         2
 Momentum Strike          Conj/Tloc      0%         3d8       61%         2
 Sublimation of Blood     Necr           0%         N/A       61%         2
 Wereblood                Tmut           0%         N/A       61%         2
 Confusing Touch          Hex            0%         N/A       83%         3
 Dazzling Flash           Conj/Hex       0%         N/A       83%         3
 Frozen Ramparts          Ice            0%         1d1       83%         3
 Hailstorm                Conj/Ice       0%         3d3       83%         3
 Mephitic Cloud           Conj/Pois/Air  0%         N/A       83%         3
 Ozocubu's Armour         Ice            0%         N/A       83%         3
 Spider Form              Tmut/Pois      0%         N/A       83%         3
 Stone Arrow              Conj/Erth      0%         3d7       83%         3
 Tukima's Dance           Hex            0%         N/A       83%         3
 Vampiric Draining        Necr           0%         2d6       83%         3
 Anguish                  Hex/Necr       0%         N/A       99%         4
 Animate Armour           Summ/Erth      0%         N/A       99%         4
 Dispel Undead            Necr           0%         3d6       99%         4
 Flame Wave               Conj/Fire      0%         2d4       99%         4
 Ice Form                 Ice/Tmut       0%         N/A       99%         4
 Iskenderun's Mystic Bla  Conj/Tloc      0%         2d3       99%         4
 Leda's Liquefaction      Hex/Erth       0%         N/A       99%         4
 Manifold Assault         Tloc           0%         N/A       99%         4
 Passage of Golubria      Tloc           0%         N/A       99%         4
 Petrify                  Tmut/Erth      0%         N/A       99%         4
 Agony                    Necr           0%         N/A       100%        5
 Alistair's Intoxication  Tmut/Pois      0%         N/A       100%        5
 Freezing Cloud           Conj/Ice/Air   0%         6-21      100%        5
 Lee's Rapid Deconstruct  Erth           0%         3d4*      100%        5
 Metabolic Englaciation   Hex/Ice        0%         N/A       100%        5
 Yara's Violent Unravell  Hex/Tmut       0%         3d3       100%        5
 Conjure Ball Lightning   Conj/Air       0%         3x3d6     100%        6
 Dispersal                Tloc           0%         N/A       100%        6
 Simulacrum               Ice/Necr       0%         N/A       100%        6
 Starburst                Conj/Fire      0%         6d3       100%        6
 Statue Form              Tmut/Erth      0%         N/A       100%        6
 Summon Hydra             Summ           0%         N/A       100%        7
 Borgnjor's Revivificati  Necr           0%         N/A       100%        8
 Discord                  Hex            0%         N/A       100%        8
 Disjunction              Tloc           0%         N/A       100%        8
 Lehudib's Crystal Spear  Conj/Erth      0%         10d2      100%        8
 Polar Vortex             Ice            0%         N/A       100%        9


Dungeon Overview and Level Annotations

Branches:
Dungeon (15/15)            Temple (1/1) D:5            Lair (5/5) D:10
  Swamp (4/4) Lair:2       Spider (4/4) Lair:3        Slime (0/5) Lair:5
    Orc (2/2) D:10            Elf (0/3) Orc:2        Vaults (5/5) D:13
  Crypt (0/3) Vaults:3     Depths (4/4) D:15            Zot (5/5) Depths:4
  IceCv (visited)         Gauntlet (visited)

Altars:
Ashenzari
Cheibriados
Dithmenos
Fedhas
Gozag
Hepliaklqana
Kikubaaqudgha
Makhleb
Nemelex Xobeh
Okawaru
Qazlal
Ru
Sif Muna
Trog
Uskayaw
Vehumet
Wu Jian
Xom
Yredelemnul
Jiyva
Lugonu

Shops:
D:6 (   D:13 *   Orc:1 *   Orc:2 :[*?(   Depths:1 :==*   Depths:4 (

Portals:
Hell: Depths:1 Depths:2 Depths:3 Depths:4
Abyss: Lair:5 Depths:3
Pandemonium: Depths:2 Depths:3 Depths:4
Ziggurat: Depths:4

Annotations:
D:15 1 runed translucent door, Qogig's ghost, journeyman TrCA
Lair:5 1 runed translucent door


Innate Abilities, Weirdness & Mutations

You have claws for hands.
You are completely covered in rugged brown scales. (AC +3, +7% HP)
You regenerate a lot of health from kills.
You are completely covered in sharp spines.
You are resistant to unholy torment.
You punish those that try to bend your will. (Will+)
Your mind is acute. (Int +4, Str/Dex -1)
You are clumsy. (Dex -2)
You have an increased reservoir of magic. (+10% MP)
You are strong-willed. (Will+)
You are occasionally teleported next to monsters.


Message History

You are engulfed in freezing vapours.
You resist.
You are engulfed in freezing vapours.
You resist.
The helpless Hell Sentinel fails to defend itself.
You slash the Hell Sentinel!
The Hell Sentinel is lightly wounded.
The helpless Hell Sentinel fails to defend itself.
You open the Hell Sentinel like a pillowcase!!!
The Hell Sentinel is heavily wounded.
Uskayaw will force your foes to share their pain.
The helpless Hell Sentinel fails to defend itself.
You slice the Hell Sentinel!!
The Hell Sentinel is heavily wounded.
The Hell Sentinel is no longer paralysed.
The Hell Sentinel completely misses you.
The Hell Sentinel misses you.
You slash the Hell Sentinel!
The Hell Sentinel is severely wounded.
The Hell Sentinel is struck by your spines.
The Hell Sentinel completely misses you. x2
You hit the Hell Sentinel but do no damage.
The Hell Sentinel is almost dead.
You block the Hell Sentinel's attack. x2
You hit the Hell Sentinel but do no damage.
The Hell Sentinel is almost dead.
You slash the Hell Sentinel!
The Hell Sentinel is almost dead.
The Hell Sentinel is struck by your spines.
The Hell Sentinel completely misses you.
The Hell Sentinel closely misses you.
You hit the Hell Sentinel but do no damage.
The Hell Sentinel is almost dead.
The Hell Sentinel is struck by your spines.
You kill the Hell Sentinel!
(D) Dungeon (T) Temple (L) Lair (S) Swamp (N) Spider Nest (M) Slime Pits (O) Orcish Mines (E) Elven Halls (V) Vaults (C) Crypt (U) Depths (H) Hell (Z) Zot
Where to? (Enter - D:1 @ (x,y), ? - help) Uskayaw prepares the audience for your solo!
A balrug and 3 sun demons come into view.
The balrug is wielding a +1 demon whip of draining.
Unknown command.
The sun demon moves out of view.
Uskayaw links your audience in an emotional bond!
The balrug gestures at you.
The fireball explodes!
The fireball engulfs you! You resist.
You can't go up here!
There is a stone staircase leading up here.
You climb upwards.
There is a stone staircase leading down here.
(D) Dungeon (T) Temple (L) Lair (S) Swamp (N) Spider Nest (M) Slime Pits (O) Orcish Mines (E) Elven Halls (V) Vaults (C) Crypt (U) Depths (H) Hell (Z) Zot
Where to? (Enter - D:1 @ (x,y), ? - help)
There is a stone staircase leading up here.
You climb upwards.
There is a stone staircase leading down here.
HP restored.
There is a stone staircase leading up here.
You climb upwards.
There is a stone staircase leading down here.
There is a stone staircase leading up here.
You climb upwards.
There is a stone staircase leading down here.
An orc wizard is nearby!
Unknown command.
There is an open door here.
The orc wizard gestures at you while chanting.
You resist with almost no effort.
Your will lashes out at the orc wizard.
The orc wizard gestures at you while chanting.
The puff of flame hits you. You resist.
There is a stone staircase leading up here.
The orc wizard gestures at you while chanting.
You block the puff of flame.
You climb upwards.
There is a stone staircase leading down here.
(D) Dungeon (T) Temple (L) Lair (S) Swamp (N) Spider Nest (M) Slime Pits (O) Orcish Mines (E) Elven Halls (V) Vaults (C) Crypt (U) Depths (H) Hell (Z) Zot
Where to? (Enter - D:1 @ (x,y), ? - help) HP restored.
There is an open door here.
There is an open door here.
A Brimstone Fiend comes into view.
Unknown command.
The Brimstone Fiend moves out of view.
There is a stone staircase leading up here.
You climb upwards.
There is a stone staircase leading down here.
(D) Dungeon (T) Temple (L) Lair (S) Swamp (N) Spider Nest (M) Slime Pits (O) Orcish Mines (E) Elven Halls (V) Vaults (C) Crypt (U) Depths (H) Hell (Z) Zot
Where to? (Enter - D:1 @ (x,y), ? - help)
There is a staircase leading out of the dungeon here.
Unknown command.
Enter note: gg You have escaped!

#.### #.≈≈(≈≈.#.......# #.#
#.≈≈>≈§.#.......#
#.#########.≈≈(≈≈.#....##.##
#.##......#.≈≈≈§≈.#........#
##.##.######..≈≈§..####.#...#
#......## #.......#........#
#.#.....# #.......#........#
#......## #.......#........#
#####.## ###..@..##........#
#.# #.#######.........# #.#
#.# #..........#.# ##.##
##.## #.##.......#.#
##.#.###...###.#####.####.##
#.###....#...#.# #.# #..##
##.#.###...#.#.# #.####...#
##.## ##.##.#.# #........#
#.# #.##.#.#####..##....#


There were no monsters in sight!

Vanquished Creatures
  A dread lich (Zot:5)
  An ancient lich (Zot:5)
  A juggernaut (Depths:3)
  9 orbs of fire (Zot:5)
  Boris (Vaults:5)
  Vv (Zot:2)
  Saint Roka (Depths:2)
  4 Killer Klowns (Zot:5)
  Margery (Depths:4)
  2 caustic shrikes (Depths:3)
  3 bone dragons (Depths:4)
  10 golden dragons
  Arachne (Spider:3)
  2 electric golems
  A pandemonium lord (D:13)
  A walking crystal tome (Depths:3)
  3 doom hounds (Depths:4)
  2 Hell Sentinels
  Jorgrun (D:14)
  4 liches
  20 tentacled monstrosities
  Mlioglotl (Spider:3)
  6 titans
  24 Orb Guardians (Zot:5)
  Grunn (Depths:4)
  5 quicksilver dragons
  A walking earthen tome (Depths:3)
  11 death cobs
  5 sphinxes
  15 shadow dragons
  Kirke (Spider:4)
  3 thorn hunters
  6 tengu reavers
  A fenstrider witch (Swamp:3)
  5 storm dragons
  7 draconian monks
  An azure jelly (shapeshifter) (Vaults:5)
  17 vault wardens
  3 draconian knights
  9 fire giants
  A balrug (Depths:4)
  9 frost giants
  5 emperor scorpions (Spider:4)
  5 iron dragons
  Louise (Depths:3)
  12 ghost moths
  7 draconian scorchers
  4 draconian shifters
  22 ironbound preservers
  A quicksilver ooze (shapeshifter) (Vaults:5)
  19 stone giants
  7 war gargoyles
  A reaper (Depths:4)
  7 draconian annihilators
  4 draconian stormcallers
  2 broodmothers
  29 very ugly things
  5 ironbound thunderhulks
  A putrid mouth (Depths:4)
  2 vampire knights (Swamp:4)
  6 eleionomae
  15 green draconians
  15 purple draconians
  17 yellow draconians
  16 dire elephants
  17 black draconians
  4 bunyips
  A deep elf annihilator (Vaults:5)
  15 red draconians
  13 white draconians
  2 crystal guardians
  A minotaur (Gauntlet)
  A blizzard demon (D:7)
  8 spark wasps
  2 shambling mangroves (Swamp:4)
  4 deep elf death magi
  7 ettins
  8 entropy weavers
  16 yaktaur captains
  7 ice dragons
  7 fire dragons
  3 deep elf high priests
  5 great orbs of eyes
  Snorg (Lair:4)
  4 rakshasas
  3 peacekeepers
  Erica (D:9)
  3 ghost crabs
  29 vault guards
  A salamander tyrant (Depths:3)
  4 centaur warriors
  11 hydras
  An ogre mage (Vaults:5)
  3 spriggan air magi
  6 ironbound frosthearts
  A jorogumo (Spider:3)
  5 radroaches
  4 two-headed ogres
  8 boulder beetles
  3 alligators
  3 vampire magi
  5 deep troll shamans
  5 tengu warriors
  8 deep troll earth magi
  3 thrashing horrors (Lair:5)
  5 spriggan berserkers
  14 hell knights
  A soul eater (Gauntlet)
  8 iron trolls
  A titan skeleton (Depths:3)
  8 pharaoh ants
  A skyshark (Lair:4)
  2 skeletal warriors (Vaults:3)
  9 goliath frogs
  3 salamander mystics (Depths:3)
  A sea snake (shapeshifter) (Vaults:3)
  A glowing orange brain (Depths:2)
  A deep troll (shapeshifter) (Vaults:3)
  56 deep trolls
  9 orb spiders
  4 spectral hydras (Swamp:4)
  15 ironbound convokers
  9 swamp dragons
  4 flayed ghosts
  13 lindwurms
  5 spriggan druids
  13 wizards
  12 orc knights
  8 necromancers
  10 harpies
  4 steelbarb worms
  5 phantasmal warriors
  A deep elf pyromancer (D:15)
  5 cyclopes
  2 orc sorcerers
  2 moths of wrath (shapeshifter)
  4 oklob plants
  26 wolf spiders
  4 manticores
  65 ugly things
  6 salamanders (Depths:3)
  5 will-o-the-wisps
  36 moths of wrath
  A stone giant skeleton (Vaults:2)
  A rust devil (Depths:2)
  6 large abominations
  7 elephants (Lair:5)
  2 ice statues (IceCv)
  3 torpor snails
  Maurice (Orc:1)
  3 black mambas
  A gargoyle (D:12)
  18 vault sentinels
  6 smoke demons
  3 demonic crawlers
  11 cane toads
  2 freezing wraiths
  11 komodo dragons
  42 yaktaurs
  2 kobold demonologists
  8 rime drakes
  2 efreet
  6 tengu conjurers
  2 ice devils (Depths:2)
  2 tormentors
  A yaktaur skeleton (Vaults:1)
  An ancient zyme (Lair:5)
  2 hellwings (Depths:2)
  A red devil (Depths:2)
  A meliai (shapeshifter) (Gauntlet)
  3 hydra zombies (Swamp:4)
  A bloated husk (Swamp:4)
  3 death drake zombies (Swamp:4)
  7 trolls
  10 tyrant leeches
  32 tarantellas
  10 hornets
  A shadow dragon simulacrum (Depths:3)
  Prince Ribbit (D:5)
  32 blink frogs
  5 dream sheep (Lair:4)
  3 hydra skeletons (Swamp:4)
  A death drake skeleton (Swamp:4)
  31 slime creatures
  A human simulacrum (Vaults:1)
  31 jumping spiders
  12 culicivoras
  3 ynoxinuls
  2 water elementals (Depths:1)
  5 shadows
  12 spriggans
  6 vampires
  5 wraiths
  A wyvern (shapeshifter) (D:14)
  7 basilisks
  10 wyverns
  A basilisk (shapeshifter) (Gauntlet)
  62 yaks
  A spectral komodo dragon (Lair:2)
  2 chaos spawn
  12 humans
  A neqoxec (Depths:2)
  5 steam dragons
  65 redbacks
  11 small abominations (Lair:5)
  16 vampire mosquitoes
  2 hogs (Spider:4)
  A spectral cane toad (Lair:2)
  14 swamp worms
  16 water moccasins
  A swamp worm (shapeshifter) (Vaults:4)
  7 wargs
  2 acid dragons
  A floating eye (Depths:2)
  2 hydra simulacra (Swamp:4)
  A glowing shapeshifter zombie (Depths:3)
  An ice beast (D:4)
  2 black bears
  A sky beast (shapeshifter) (Vaults:5)
  A sky beast (D:8)
  7 swamp drakes
  41 orc warriors
  2 swamp dragon zombies (Swamp:4)
  4 boggarts (Vaults:1)
  7 ogres
  23 centaurs
  2 human skeletons (Vaults:1)
  12 wolves
  A phantom (D:6)
  A spectral basilisk (Lair:2)
  4 kobold brigands
  11 bullfrogs
  A glowing shapeshifter simulacrum (Depths:3)
  A spectral water moccasin (Lair:2)
  2 gnoll sergeants
  A scorpion (shapeshifter) (Vaults:5)
  7 scorpions
  12 wights
  6 lindwurm simulacra (IceCv)
  7 killer bees
  3 electric eels
  3 howler monkeys (D:9)
  6 komodo dragon simulacra (IceCv)
  A quasit (D:7)
  2 jellies
  3 hounds
  A gnoll bouda (D:8)
  13 orc priests
  Jessica (D:3)
  6 iguanas
  18 orc wizards
  2 hell rats (Lair:1)
  Robin (D:3)
  20 adders
  9 gnolls
  10 river rats (Lair:1)
  4 acid dragon simulacra (IceCv)
  4 shadow imps
  16 white imps
  An ufetubus (D:5)
  5 steam dragon simulacra (IceCv)
  5 worms
  4 dart slugs
  93 orcs
  6 endoplasms
  6 giant cockroaches
  13 goblins
  11 hobgoblins
  4 jackals (D:1)
  A kobold (shapeshifter) (Vaults:5)
  4 quokkas
  9 ball pythons
  2 bats
  12 frilled lizards
  2 goblin skeletons (D:7)
  2 hobgoblin zombies (D:7)
  17 kobolds
  A kobold skeleton (D:7)
  2 orc skeletons (D:7)
  An orc zombie (D:7)
  3 rats
  A briar patch (Swamp:1)
2105 creatures vanquished.

Vanquished Creatures (others)
  An Orb Guardian (Zot:5)
  A fire giant (Depths:3)
  A black draconian (Zot:4)
  3 bloated husks
  2 humans
  A swamp drake (Swamp:1)
  An orc warrior (Vaults:5)
  2 ogres (Vaults:5)
  8 briar patches (Swamp:4)
  2 bushes
  46 foxfires
  28 fungi
  103 plants
199 creatures vanquished.

Grand Total: 2304 creatures vanquished

Notes
Turn   | Place    | Note
-------+----------+-------------------------------------------
     0 | D:5      | Flugkiller the Demonspawn Delver began the quest for the
                  | Orb.
     0 | D:5      | Reached XP level 1. HP: 18/18 MP: 1/1
     9 | D:5      | Noticed an orc wizard
    21 | D:5      | Found a staircase to the Ecumenical Temple.
    28 | Temple   | Entered the Ecumenical Temple
   215 | Temple   | Became a worshipper of Uskayaw the Reveller
   264 | D:4      | Noticed an iguana
   283 | D:4      | Noticed a steam dragon
   303 | D:4      | Reached * piety under Uskayaw
   326 | D:4      | Noticed a scorpion
   332 | D:4      | Killed a scorpion
   332 | D:4      | Reached ** piety under Uskayaw
   333 | D:4      | Gained mutation: You are partially covered in sharp spines.
                  | [demonic ancestry]
   333 | D:4      | Reached XP level 2. HP: 24/24 MP: 2/2
   333 | D:4      | Reached XP level 3. HP: 29/29 MP: 3/3
   359 | D:4      | Reached skill level 1 in Evocations
   359 | D:4      | Reached XP level 4. HP: 19/35 MP: 4/4
   365 | D:4      | Noticed an ice beast
   834 | D:1      | Reached *** piety under Uskayaw
   853 | D:1      | Found a faded altar of an unknown god.
   871 | D:1      | Reached skill level 1 in Invocations
   980 | D:1      | Reached XP level 5. HP: 40/41 MP: 5/5
  2017 | D:3      | Reached skill level 2 in Invocations
  2025 | D:3      | Noticed Jessica
  2140 | D:3      | Killed Jessica
  2306 | D:3      | Noticed Robin
  2327 | D:3      | Killed Robin
  2483 | D:3      | Reached skill level 3 in Invocations
  2552 | D:4      | Killed an ice beast
  2553 | D:4      | Gained mutation: You are partially covered in rugged brown
                  | scales. (AC +1, +3% HP) [demonic ancestry]
  2553 | D:4      | Reached XP level 6. HP: 41/48 MP: 8/8
  2557 | D:4      | Reached **** piety under Uskayaw
  2951 | D:4      | Killed a steam dragon
  2952 | D:4      | Reached XP level 7. HP: 48/55 MP: 7/9
  3734 | D:5      | Noticed Prince Ribbit
  3739 | D:5      | Killed Prince Ribbit
  3740 | D:5      | Reached skill level 5 in Evocations
  3775 | D:5      | Reached skill level 5 in Dodging
  3894 | D:5      | Gained mutation: You are mostly covered in sharp spines.
                  | [demonic ancestry]
  3894 | D:5      | Reached XP level 8. HP: 61/61 MP: 10/10
  4640 | D:6      | Reached skill level 4 in Invocations
  4645 | D:6      | Got Inerghuqa's Discursus on Spatial Cinders
  4672 | D:6      | Found Mujutaen's Weapon Emporium.
  5017 | D:6      | Reached skill level 5 in Fighting
  5017 | D:6      | Gained mutation: You are mostly covered in rugged brown
                  | scales. (AC +2, +5% HP) [demonic ancestry]
  5017 | D:6      | Reached XP level 9. HP: 44/71 MP: 7/12
  5105 | D:6      | Reached skill level 5 in Invocations
  5448 | D:7      | Reached skill level 6 in Invocations
  5594 | D:7      | Reached skill level 7 in Invocations
  5677 | D:7      | Found a hazy altar of Hepliaklqana.
  6291 | D:8      | Reached skill level 8 in Invocations
  6428 | D:8      | Reached ***** piety under Uskayaw
  6429 | D:8      | Reached skill level 9 in Invocations
  6435 | D:8      | Reached ****** piety under Uskayaw
  6437 | D:8      | Reached skill level 10 in Invocations
  6445 | D:8      | Reached skill level 11 in Invocations
  6573 | D:8      | Reached XP level 10. HP: 79/79 MP: 18/18
  6960 | D:8      | Reached skill level 12 in Invocations
  7372 | D:9      | Noticed Erica
  7385 | D:9      | Killed Erica
  7416 | D:9      | Reached skill level 5 in Long Blades
  7721 | D:9      | Noticed a boulder beetle
  7722 | D:9      | Noticed a rakshasa
  7728 | D:9      | Noticed a red ugly thing
  7729 | D:9      | Noticed a cyclops
  7730 | D:9      | Noticed a seven-headed hydra
  7926 | D:9      | Found a basalt altar of Yredelemnul.
  7948 | D:9      | Found a broken altar of Ashenzari.
  8018 | D:9      | Found a stormy altar of Qazlal.
  8019 | D:9      | Found a snail-covered altar of Cheibriados.
  8020 | D:9      | Found an iron altar of Okawaru.
  8024 | D:9      | Found a blossoming altar of Fedhas.
  8065 | D:10     | Entered Level 10 of the Dungeon
  8090 | D:10     | Noticed a two-headed ogre
  8095 | D:10     | Killed a two-headed ogre
  8096 | D:10     | Reached XP level 11. HP: 89/89 MP: 20/20
  8433 | D:10     | Found a staircase to the Orcish Mines.
  8573 | D:10     | Found a staircase to the Lair.
  8802 | D:9      | Killed a red ugly thing
  8807 | D:9      | Reached skill level 10 in Fighting
  8807 | D:9      | Reached skill level 10 in Dodging
  8807 | D:9      | Killed a six-headed hydra
  8813 | D:9      | Killed a rakshasa
  8817 | D:9      | Killed a boulder beetle
  8818 | D:9      | Gained mutation: You are completely covered in rugged brown
                  | scales. (AC +3, +7% HP) [demonic ancestry]
  8818 | D:9      | Reached XP level 12. HP: 73/103 MP: 9/21
  8925 | D:9      | Gained mutation: You punish those that try to bend your
                  | will. (Will+) [demonic ancestry]
  8925 | D:9      | Reached XP level 13. HP: 110/110 MP: 22/22
  9071 | Lair:1   | Entered Level 1 of the Lair of Beasts
 10490 | Lair:2   | Found a staircase to the Swamp.
 11098 | Lair:3   | You fall into a shaft and drop 2 floors!
 11098 | Lair:5   | Entered Level 5 of the Lair of Beasts
 11100 | Lair:5   | Reached skill level 10 in Shields
 11309 | Lair:5   | Identified the +5 halberd of the Undead {heavy, rF+}
 11549 | Lair:5   | Found a corrupted altar of Lugonu.
 11549 | Lair:5   | Found a one-way gate to the infinite horrors of the Abyss.
 11823 | Lair:5   | Gained mutation: You regenerate a little health from kills.
                  | [demonic ancestry]
 11823 | Lair:5   | Reached XP level 14. HP: 98/120 MP: 23/23
 11958 | Lair:5   | Reached skill level 10 in Long Blades
 11973 | Lair:5   | Found a runed translucent door.
 11973 | Lair:5   | Found a viscous altar of Jiyva.
 11973 | Lair:5   | Noticed an azure jelly
 11974 | Lair:5   | Found a staircase to the Slime Pits.
 11975 | Lair:5   | Noticed an azure jelly
 12253 | Lair:5   | Identified the +10 trident "Deivo" {freeze, rPois Int+4
                  | SInv}
 12660 | Lair:4   | Noticed Snorg
 12667 | Lair:4   | Killed Snorg
 12803 | Lair:4   | Identified the +6 rapier "Sihecsic" {heavy, Will+ Str+2
                  | Int+3}
 13552 | Lair:3   | Identified a scroll of acquirement
 13587 | Lair:3   | Found a hole to the Spider Nest.
 14697 | D:12     | Found a frozen archway.
 14718 | IceCv    | Entered an ice cave
 14927 | IceCv    | Identified the ring of Atiff {rCorr MP+9 AC+4 Slay+2}
 15061 | IceCv    | Identified the ring of Doubts {rN+ rCorr Int+3 SInv Stlth+}
 15278 | D:12     | Reached skill level 13 in Invocations
 15387 | D:12     | Gained mutation: You have sharp fingernails. [demonic
                  | ancestry]
 15387 | D:12     | Reached XP level 15. HP: 128/128 MP: 24/24
 15761 | D:13     | Found Xixa Luuma's Blood Bar.
 16232 | D:13     | Found a gate to the Vaults.
 16797 | D:14     | Noticed Jorgrun
 16811 | D:14     | Killed Jorgrun
 17219 | D:15     | Entered Level 15 of the Dungeon
 17236 | D:15     | Found a runed translucent door.
 17238 | D:15     | Noticed Qogig's ghost (journeyman TrCA)
 17347 | D:15     | Found a gate leading to a gauntlet.
 17380 | Gauntlet | Entered a Gauntlet
 17380 | Gauntlet | Found a transporter.
 17387 | Gauntlet | Found a transporter.
 17389 | Gauntlet | Found a transporter.
 17400 | Gauntlet | Found a transporter.
 17403 | Gauntlet | Found a transporter.
 17412 | Gauntlet | Found a transporter.
 17428 | Gauntlet | Found a transporter.
 17439 | Gauntlet | Found a transporter.
 17446 | Gauntlet | Found a runed translucent gate.
 17446 | Gauntlet | Found a runed translucent gate.
 17446 | Gauntlet | Found a runed translucent gate.
 17450 | Gauntlet | Found a transporter.
 17455 | Gauntlet | Found a transporter.
 17455 | Gauntlet | Found a transporter.
 17483 | Gauntlet | Found a transporter.
 17483 | Gauntlet | Found a transporter.
 17538 | Gauntlet | Found a transporter.
 17695 | Gauntlet | Reached skill level 14 in Invocations
 17704 | Gauntlet | Identified the amulet of Ogyoch {Acrobat Int+4 Slay+2}
 17726 | Gauntlet | Identified the +8 battleaxe of Zesiu {protect, Contam rElec
                  | Str+3}
 17812 | Gauntlet | Identified the +2 robe of Pinaokle {Harm rCorr Slay+3}
 17818 | Gauntlet | Identified the +1 ring mail of the Disturbing Curses
                  | {+Blink rElec rC+}
 17833 | D:15     | Gained mutation: You regenerate health from kills. [demonic
                  | ancestry]
 17833 | D:15     | Reached XP level 16. HP: 138/138 MP: 26/26
 18176 | D:15     | Found a staircase to the Depths.
 18585 | Orc:1    | Entered Level 1 of the Orcish Mines
 18657 | Orc:1    | Noticed Maurice
 18674 | Orc:1    | Killed Maurice
 18916 | Orc:1    | Found Bet Hij's General Store.
 19052 | Orc:2    | Entered Level 2 of the Orcish Mines
 19052 | Orc:2    | Found a staircase to the Elven Halls.
 19059 | Orc:2    | Found a burning altar of Makhleb.
 19099 | Orc:2    | Found Vefim's Book Boutique.
 19450 | Orc:2    | Found Muir's Assorted Antiques.
 19450 | Orc:2    | Found Boreg's Armour Emporium.
 19576 | Orc:2    | Found Zyoremusm's Weapon Shop.
 19576 | Orc:2    | Found Gouwke's Magic Scroll Emporium.
 20066 | Swamp:1  | Entered Level 1 of the Swamp
 20085 | Swamp:1  | Reached skill level 15 in Invocations
 20091 | Swamp:1  | Reached XP level 17. HP: 145/145 MP: 28/28
 20298 | Swamp:1  | Got the Secrets of Mortuary Cleavage
 22130 | Swamp:4  | Entered Level 4 of the Swamp
 22135 | Swamp:4  | Identified the +10 sling "Xiosit" {flame, rPois}
 22888 | Swamp:4  | Found a blossoming altar of Fedhas.
 22922 | Swamp:4  | Got a decaying rune of Zot
 22965 | Swamp:4  | Found a basalt altar of Yredelemnul.
 23302 | Spider:1 | Entered Level 1 of the Spider Nest
 23407 | Spider:1 | Gained mutation: You have very sharp fingernails. [demonic
                  | ancestry]
 23407 | Spider:1 | Reached XP level 18. HP: 92/154 MP: 29/29
 24458 | Spider:1 | Found a hide-covered altar of Uskayaw.
 25231 | Spider:3 | Noticed Arachne
 25239 | Spider:3 | Reached skill level 16 in Invocations
 25246 | Spider:3 | Killed Arachne
 25504 | Spider:3 | Gained mutation: You expend magic power (3 MP) to
                  | strengthen your wands. [mutagenic glow]
 25689 | Spider:3 | Noticed Mlioglotl
 25698 | Spider:3 | Killed Mlioglotl
 26089 | Spider:3 | Reached skill level 15 in Fighting
 26533 | Spider:4 | Entered Level 4 of the Spider Nest
 26566 | Spider:4 | Reached skill level 15 in Dodging
 26587 | Spider:4 | Identified the +2 war axe of Truth {heavy, rN+}
 26668 | Spider:4 | Noticed Kirke
 26681 | Spider:4 | Killed Kirke
 26870 | Spider:4 | Reached skill level 17 in Invocations
 27340 | Spider:4 | Gained mutation: You have claws for hands. [demonic
                  | ancestry]
 27340 | Spider:4 | Reached XP level 19. HP: 161/165 MP: 0/31
 27343 | Spider:4 | Got a gossamer rune of Zot
 28210 | Vaults:1 | Entered Level 1 of the Vaults
 28347 | Vaults:1 | Reached skill level 18 in Invocations
 29202 | Vaults:1 | Reached skill level 19 in Invocations
 29794 | Vaults:2 | Reached skill level 20 in Invocations
 30219 | Vaults:2 | Reached XP level 20. HP: 175/175 MP: 34/34
 31370 | Vaults:3 | Reached skill level 15 in Shields
 31853 | Vaults:3 | Found a staircase to the Crypt.
 32805 | Vaults:4 | Identified the ring "Zyaxitia" {Fly rC+ rN+}
 32892 | Vaults:4 | Gained mutation: You regenerate a lot of health from kills.
                  | [demonic ancestry]
 32892 | Vaults:4 | Reached XP level 21. HP: 188/188 MP: 35/35
 33100 | Vaults:4 | Acquired 385 gold pieces
 33249 | Vaults:5 | Entered Level 5 of the Vaults
 33761 | Vaults:5 | Noticed Boris
 33762 | Vaults:5 | Killed Boris
 33803 | Vaults:5 | Identified the +0 ring mail "Houtz" {+Blink Will+ rCorr
                  | Int+3}
 33806 | Vaults:5 | Got a silver rune of Zot
 34148 | Vaults:5 | Identified the ring "Anuoh" {Drain Int+6 Dex+3 Slay+4}
 34241 | Vaults:5 | Reached skill level 21 in Invocations
 34603 | Vaults:5 | Acquired a manual of Long Blades
 34707 | Vaults:5 | Noticed a golden dragon
 34717 | Vaults:5 | Killed a golden dragon
 34718 | Vaults:5 | Reached XP level 22. HP: 139/196 MP: 23/36
 34956 | Vaults:5 | Reached skill level 22 in Invocations
 34973 | Vaults:5 | Identified the ring "Detseah" {rPois rF- rC+ rN+ Int+2}
 35148 | Vaults:5 | Identified the ring of the Falcon {Wiz rPois rC++ Int+4
                  | Slay-2}
 35151 | Vaults:5 | Got the Almanac of Poisonous Rime
 35153 | Vaults:5 | Identified the +8 flail of Disgust {venom, rC+ rCorr Dex+2}
 36207 | Depths:1 | Entered Level 1 of the Depths
 36250 | Depths:1 | Reached skill level 15 in Long Blades
 36271 | Depths:1 | Found a gateway to Hell.
 36399 | Depths:1 | Found a broken altar of Ashenzari.
 36466 | Depths:1 | Found Wuidd's Mass Market.
 36792 | Depths:1 | Found Fuwu's Book Boutique.
 36793 | Depths:1 | Found Leirorof's Jewellery Shoppe.
 36793 | Depths:1 | Found Ducont's Jewellery Shoppe.
 37490 | Depths:2 | Found a one-way gate leading to the halls of Pandemonium.
 37581 | Depths:2 | Reached skill level 23 in Invocations
 37614 | Depths:2 | Noticed Saint Roka
 37636 | Depths:2 | Killed Saint Roka
 37669 | Depths:2 | Reached skill level 24 in Invocations
 38391 | Depths:3 | Noticed Louise
 38436 | Depths:3 | Killed Louise
 38572 | Depths:3 | Noticed a caustic shrike
 38582 | Depths:3 | Killed a caustic shrike
 38589 | Depths:3 | Reached skill level 25 in Invocations
 38622 | Depths:3 | Noticed a juggernaut
 38624 | Depths:3 | Killed a juggernaut
 38624 | Depths:3 | Noticed a caustic shrike
 38634 | Depths:3 | Killed a caustic shrike
 38679 | Depths:3 | Reached XP level 23. HP: 161/189 MP: 10/39
 38690 | Depths:3 | Reached skill level 26 in Invocations
 39461 | Depths:3 | Reached skill level 27 in Invocations
 40406 | Depths:4 | Entered Level 4 of the Depths
 40441 | Depths:4 | Found a one-way gateway to a ziggurat.
 40496 | Depths:4 | Found Ymem's Weapon Emporium.
 40783 | Depths:4 | Noticed Grunn
 40798 | Depths:4 | Killed Grunn
 40818 | Depths:4 | Noticed Margery
 40828 | Depths:4 | Killed Margery
 40981 | Depths:4 | Found a gate to the Realm of Zot.
 42721 | Orc:2    | Bought the +3 ring mail "Suhyir" {rElec rPois rN+} for 496
                  | gold pieces
 42987 | Zot:1    | Entered Level 1 of the Realm of Zot
 43497 | Zot:1    | Identified the +1 buckler of Ekuedot {rCorr Stlth+}
 43629 | Zot:1    | Gained mutation: You are completely covered in sharp
                  | spines. [demonic ancestry]
 43629 | Zot:1    | Reached XP level 24. HP: 192/216 MP: 40/40
 44664 | Zot:2    | Noticed Vv
 44665 | Zot:2    | Killed Vv
 45280 | Zot:3    | You fall into a shaft and drop 1 floor!
 45437 | Zot:3    | Reached skill level 10 in Evocations
 46601 | Zot:4    | Gained mutation: You are resistant to unholy torment.
                  | [demonic ancestry]
 46601 | Zot:4    | Reached XP level 25. HP: 224/230 MP: 40/40
 47083 | Zot:5    | Entered Level 5 of the Realm of Zot
 47638 | Zot:5    | Found the ring of the Hare {EV+10}
 47675 | Zot:5    | Noticed an ancient lich
 47689 | Zot:5    | Killed an ancient lich
 47817 | Zot:5    | Noticed an orb of fire
 47959 | Zot:5    | Noticed an orb of fire
 47960 | Zot:5    | Noticed an orb of fire
 47966 | Zot:5    | Gained mutation: You occasionally lose the ability to drink
                  | potions when taking damage. [an orb of fire]
 47974 | Zot:5    | Killed an orb of fire
 47974 | Zot:5    | Gained mutation: Your spells are a little easier to cast,
                  | but a little less powerful. [an orb of fire]
 47978 | Zot:5    | Gained mutation: You are frail. (-10% HP) [an orb of fire]
 47981 | Zot:5    | Noticed a dread lich
 47984 | Zot:5    | Killed an orb of fire
 47984 | Zot:5    | Noticed a Killer Klown
 48023 | Zot:5    | Killed a dread lich
 48056 | Zot:5    | Lost mutation: You are frail. (-10% HP) [potion of
                  | mutation]
 48056 | Zot:5    | Lost mutation: You expend magic power (3 MP) to strengthen
                  | your wands. [potion of mutation]
 48056 | Zot:5    | Gained mutation: You possess an exceptional clarity of
                  | mind. [potion of mutation]
 48056 | Zot:5    | Lost mutation: You possess an exceptional clarity of mind.
                  | [potion of mutation]
 48057 | Zot:5    | Lost mutation: Your spells are a little easier to cast, but
                  | a little less powerful. [potion of mutation]
 48057 | Zot:5    | Lost mutation: You occasionally lose the ability to drink
                  | potions when taking damage. [potion of mutation]
 48057 | Zot:5    | Gained mutation: A frigid envelope surrounds you and
                  | freezes all who hurt you. [potion of mutation]
 48057 | Zot:5    | Gained mutation: You have large cloven feet. [potion of
                  | mutation]
 48057 | Zot:5    | Gained mutation: You possess an exceptional clarity of
                  | mind. [potion of mutation]
 48057 | Zot:5    | Gained mutation: Your mind is acute. (Int +4, Str/Dex -1)
                  | [potion of mutation]
 48058 | Zot:5    | Noticed an orb of fire
 48072 | Zot:5    | Gained mutation: You have hidden genetic defects. [an orb
                  | of fire]
 48078 | Zot:5    | Killed an orb of fire
 48264 | Zot:5    | Noticed a Killer Klown
 48398 | Zot:5    | Noticed a Killer Klown
 48418 | Zot:5    | Killed a Killer Klown
 48442 | Zot:5    | Noticed an orb of fire
 48447 | Zot:5    | Gained mutation: You have terrible hidden genetic defects.
                  | [an orb of fire]
 48458 | Zot:5    | Gained mutation: Your body sometimes deteriorates upon
                  | taking damage. [an orb of fire]
 48463 | Zot:5    | Killed an orb of fire
 48520 | Zot:5    | Noticed an orb of fire
 48524 | Zot:5    | Gained mutation: You are clumsy. (Dex -2) [an orb of fire]
 48535 | Zot:5    | Killed an orb of fire
 48818 | Zot:5    | Killed a Killer Klown
 48830 | Zot:5    | Killed an orb of fire
 48831 | Zot:5    | Gained mutation: Your body often deteriorates upon taking
                  | damage. [hidden defects]
 48909 | Zot:5    | Noticed an orb of fire
 48909 | Zot:5    | Gained mutation: Armour fits poorly on your strangely
                  | shaped body. [an orb of fire]
 48914 | Zot:5    | Gained mutation: Your spells are a little easier to cast,
                  | but a little less powerful. [an orb of fire]
 48922 | Zot:5    | Gained mutation: You are frail. (-10% HP) [an orb of fire]
 48927 | Zot:5    | Noticed an orb of fire
 48928 | Zot:5    | Killed an orb of fire
 48929 | Zot:5    | Noticed an orb of fire
 48930 | Zot:5    | Killed an orb of fire
 48933 | Zot:5    | Lost mutation: You possess an exceptional clarity of mind.
                  | [an orb of fire]
 48944 | Zot:5    | Gained mutation: You occasionally lose the ability to drink
                  | potions when taking damage. [an orb of fire]
 48949 | Zot:5    | Killed an orb of fire
 49006 | Zot:5    | Lost mutation: You occasionally lose the ability to drink
                  | potions when taking damage. [potion of mutation]
 49006 | Zot:5    | Lost mutation: You are frail. (-10% HP) [potion of
                  | mutation]
 49007 | Zot:5    | Lost mutation: A frigid envelope surrounds you and freezes
                  | all who hurt you. [potion of mutation]
 49007 | Zot:5    | Lost mutation: You have large cloven feet. [potion of
                  | mutation]
 49007 | Zot:5    | Lost mutation: Your mind is acute. (Int +4, Str/Dex -1)
                  | [potion of mutation]
 49007 | Zot:5    | Lost mutation: You are clumsy. (Dex -2) [potion of
                  | mutation]
 49007 | Zot:5    | Gained mutation: Your mind is acute. (Int +4, Str/Dex -1)
                  | [potion of mutation]
 49008 | Zot:5    | Lost mutation: You have terrible hidden genetic defects.
                  | [potion of mutation]
 49008 | Zot:5    | Lost mutation: Your spells are a little easier to cast, but
                  | a little less powerful. [potion of mutation]
 49008 | Zot:5    | Lost mutation: Armour fits poorly on your strangely shaped
                  | body. [potion of mutation]
 49008 | Zot:5    | Gained mutation: Your muscles are strong. (Str +4, Int/Dex
                  | -1) [potion of mutation]
 49008 | Zot:5    | Lost mutation: You have hidden genetic defects. [potion of
                  | mutation]
 49040 | Zot:5    | Gained mutation: You have an increased reservoir of magic.
                  | (+10% MP) [mutagenic glow]
 49052 | Zot:5    | Gained mutation: Armour fits poorly on your strangely
                  | shaped body. [mutagenic glow]
 49093 | Zot:5    | Gained mutation: You are vulnerable to heat. (rF-)
                  | [mutagenic glow]
 49095 | Zot:5    | Lost mutation: Your body often deteriorates upon taking
                  | damage. [potion of mutation]
 49095 | Zot:5    | Lost mutation: Armour fits poorly on your strangely shaped
                  | body. [potion of mutation]
 49096 | Zot:5    | Lost mutation: Your body sometimes deteriorates upon taking
                  | damage. [potion of mutation]
 49096 | Zot:5    | Lost mutation: Your muscles are strong. (Str +4, Int/Dex
                  | -1) [potion of mutation]
 49096 | Zot:5    | Lost mutation: You are vulnerable to heat. (rF-) [potion of
                  | mutation]
 49096 | Zot:5    | Gained mutation: You are occasionally teleported next to
                  | monsters. [potion of mutation]
 49096 | Zot:5    | Gained mutation: You are clumsy. (Dex -2) [potion of
                  | mutation]
 49096 | Zot:5    | Gained mutation: You are strong-willed. (Will+) [potion of
                  | mutation]
 49137 | Zot:5    | Got the Orb of Zot
 49184 | Zot:5    | Noticed a Killer Klown
 49191 | Zot:5    | Killed a Killer Klown
 49200 | Zot:5    | Killed a Killer Klown
 49226 | Zot:4    | Noticed Satz the pandemonium lord
 49375 | D:13     | Noticed Jirog the pandemonium lord
 49391 | D:13     | Killed Jirog the pandemonium lord
 49646 | D:1      | gg
 49647 | D:$      | Escaped with the Orb!

Illustrated notes

#.### #.≈≈(≈≈.#.......# #.#
#§§§>≈§.#.......#
#.#########.≈§§≈≈.#....##.##
#.##......#.§§≈≈≈.#........#
##.##.######..≈§≈..####.#...#
#......## #.......#........#
#.#.....# #.......#........#
#......## #.......#........#
#####.## ###..@..##........#
#.# #.#######.........# #.#
#.# #..........#.# ##.##
##.## #.##.......#.#
##.#.###...###.#####.####.##
#.###....#...#.# #.# #..##
##.#.###...#.#.# #.####...#
##.## ##.##.#.# #........#
#.# #.##.#.#####..##....#


Turn 49646 on D:1: gg

Levels and vault maps discovered:
D:1:      lemuel_arrival_lava_pool, layout_loops_ring,
          hellmonk_ecumenical_altar_blasted, minmay_lizard_pond
D:2:      layout_basic, serial_aquarium, aquarium_bridge_square
          [aquarium_subvault_bridge, aquarium_subvault_wall,
          aquarium_subvault_wall, aquarium_subvault_bridge],
          aquarium_bridge_straight [aquarium_subvault_bridge,
          aquarium_subvault_wall, aquarium_subvault_bridge,
          aquarium_subvault_balcony], aquarium_window_1, aquarium_window_1,
          aquarium_view_4, aquarium_pool_five, kennysheep_donut,
          minmay_pentomino_p2
D:3:      layout_basic, uniq_robin, uniq_jessica
D:4:      minmay_chambers_of_twos, layout_layer_cave, minmay_box_of_dots
D:5:      minmay_skewed_foursquare, layout_basic, temple_fountains, st_stairs_3,
          kennysheep_cross_room, eino_small_chamber_without_monster,
          uniq_prince_ribbit1
D:6:      layout_basic, serial_shops, nicolae_shop_bloodbath_and_beyond,
          fountainhead, minivault_26
D:7:      layout_basic, worldfamousw_hep_ancestral_shrine,
          nicolae_tso_besieged_by_evil, minmay_stone_trees_medium
D:8:      minmay_thinvault, layout_rooms
D:9:      layout_roguey, minitemple, onia_ninara_dug_in_and_dangerous,
          uniq_erica
D:10:     layout_roguey, minmay_lair_entry_grove, david_orc_1_choice
D:11:     layout_roguey
D:12:     layout_cave_pods, portal_ice_cave_entry_imps
D:13:     layout_stronghold, ximxim_vaults_locker_room, guppyfry_shop_blood
D:14:     layout_roguey, uniq_jorgrun
D:15:     hangedman_depths_entry_civil_slaughter, layout_irregular_city,
          grunt_decor_mini_mirrors, ebering_ghost_inner_flame,
          gauntlet_entry_generic
Temple:   eino_temple_water
Lair:1:   layout_cave_pods, kennysheep_rathole
Lair:2:   layout_chaotic_city, nicolae_swamp_entry_spooky, serial_bayou_shore_b,
          lemuel_fruit_fields, grunt_megastairs_4
Lair:3:   layout_hall_layers, dummy_spider_entry, columned_hall_lemuel,
          eino_small_chamber_without_monster
Lair:4:   minmay_lair_venomous_thicket, layout_regular_city, uniq_snorg
Lair:5:   hellmonk_lair_end_abyssal_woods, layout_long_grid, slime_entry_2
Swamp:1:  layout_falls_marsh, evilmike_swamp_ruin_house_3
Swamp:2:  layout_basic_swamp, evilmike_swamp_ruin_rubble_2, swamp_pool1,
          hangedman_swamp_lotus
Swamp:3:  layout_falls_marsh, hangedman_swamp_ruin_wall
Swamp:4:  byrel_swamp_growth_death_and_undeath, layout_basic_swamp, swamp_pool2
Spider:1: nicolae_spider_hilbert_zone_2 [nicolae_spider_hilbert_4_sides_1_open,
          nicolae_spider_hilbert_4_sides_1_open,
          nicolae_spider_hilbert_4_sides_1_open,
          nicolae_spider_hilbert_4_sides_1_open,
          nicolae_spider_hilbert_6_sides_1_open,
          nicolae_spider_hilbert_6_sides_1_open,
          nicolae_spider_hilbert_3_sides_1_open,
          nicolae_spider_hilbert_3_sides_1_open,
          nicolae_spider_hilbert_3_sides_1_open,
          nicolae_spider_hilbert_3_sides_1_open,
          nicolae_spider_hilbert_6_sides_1_open,
          nicolae_spider_hilbert_6_sides_1_open,
          nicolae_spider_hilbert_6_sides_1_open,
          nicolae_spider_hilbert_6_sides_1_open],
          nicolae_spider_altar_of_dancing
Spider:2: layout_spider_delve
Spider:3: mumra_spider_spiderweb, uniq_arachne, uniq_mlioglotl
Spider:4: guppyfry_spider_rune, uniq_kirke
Orc:1:    layout_caves, serial_shops, shop, nicolae_orc_lost_temple,
          uniq_maurice
Orc:2:    st_orc_town, layout_caves, serial_shops, shop, basic_altar
Vaults:1: v_rooms_1, vaults_room_grunt_arrival_checkpoint, vaults_room_pools,
          v_misc_12, v_misc_18, ontoclasm_vaults_chip, v_misc_19,
          vaults_mumra_chevron, grunt_vaults_hallway_short,
          nicolae_vaults_asterisk, vaults_mumra_hex,
          nicolae_vaults_diagonal_hallway_7, layout_vaults_ring
Vaults:2: vaults_room_hallway, v_rooms_4, v_misc_23, st_lines,
          nicolae_vaults_three_branches, vaults_standard_mumra_lines,
          hangedman_vaults_trim, layout_vaults_quadrants
Vaults:3: grunt_vaults_funneled_arena, v_misc_19, minmay_crypt_entry_simple_box,
          hangedman_vaults_corner, vaults_mumra_minichess, hangedman_vaults_hat,
          layout_vaults_chaotic_city
Vaults:4: nicolae_vaults_halls_meeting, nicolae_vaults_specimen_jars,
          nicolae_vaults_inception_statues, hangedman_vaults_nodes,
          vaults_dpeg_diagonal, vaults_mumra_hexcomb, ontoclasm_vaults_fault,
          nicolae_vaults_sealed_display, nicolae_vaults_circle_grid_a,
          vaults_room_pools, v_misc_17, serial_ice_b, layout_vaults_omnicross,
          serial_shops
Vaults:5: serial_shops, uniq_boris
Depths:1: layout_honeycomb, grunt_hell_entry_dis_mu, minmay_misc_feat_x,
          minmay_shop_mass, minmay_misc_feat_cross, minmay_misc_feat_five,
          amcnicky_mini_corridor_feature, chequers_serial_rivers_micro_e,
          cheibrodos_ashenzari_chains, serial_bayou_shore_a, minmay_shop_grove
Depths:2: minmay_connected_boxes_in_corner, layout_gridlike,
          grunt_pan_entry_zigzag, hangedman_abyss_or_decor_stagger, hell_entry,
          infiniplex_staircase_pillars_1, firewood_loft, uniq_saint_roka
Depths:3: minmay_the_grid_octo_tiled_octocenter [minmay_the_grid_octo_odd_swirl,
          minmay_the_grid_octo_toaster, minmay_the_grid_octo_focus,
          minmay_the_grid_octo_77, minmay_the_grid_octo_prize_star,
          minmay_the_grid_square_5x5_half_checkered,
          minmay_the_grid_square_5x5_percent,
          minmay_the_grid_square_5x5_shrine2, minmay_the_grid_square_5x5_two],
          layout_basic, minmay_stone_trees_small, pan_entry, hell_entry,
          nicolae_abyss_entry_one_way_or_another,
          minmay_staircase_windowed_small
Depths:4: grunt_zot_entry_gee_three, layout_cave_shapes, enter_ziggurat_b,
          serial_glass, glass_columns_c, glass_columns_a,
          rand_demon_pan_entry_9, serial_shops, nicolae_shop_trees,
          lightli_too_deep, uniq_grunn, uniq_margery
Zot:1:    layout_cathedral_of_symmetry, grunt_megastairs_2
Zot:2:    layout_concentric_octagons, hangedman_zot_decor_unnerving_road,
          grunt_ministairs_12, uniq_vv
Zot:3:    layout_onion_interference
Zot:4:    layout_gridlike, lemuel_flame_loot_1
Zot:5:    layout_basic, skrybe_zot_glass_3

Skill      XL: |  1  2  3  4  5  6  7  8  9 10 11 12 13 14 15 16 17 18 19 20 21 22 23 24 25 |
---------------+----------------------------------------------------------------------------+-----
Long Blades    | 3 4 5 6 9 12 13 14 16 19 | 19.0
Evocations     | 1 2 3 5 6 7 8 10 | 10.0
Dodging        | 2 3 4 5 7 8 11 12 14 15 17 18 20 21 22 | 22.7
Invocations    | 1 3 4 11 12 13 14 15 17 20 21 25 27 | 27.0
Fighting       | 4 5 6 7 10 11 12 13 14 15 16 17 18 19 21 23 | 23.2
Shields        | 7 10 11 14 15 16 | 16.0
Stealth        | |  4.5

Action                     |  1- 3 |  4- 6 |  7- 9 | 10-12 | 13-15 | 16-18 | 19-21 | 22-24 | 25-27 || total
---------------------------+-------+-------+-------+-------+-------+-------+-------+-------+-------++-------
  Melee: Falchion          |     6 |   164 |   239 |       |       |       |       |       |       ||   409
         Punch             |       |     1 |     3 |     6 |       |       |       |       |       ||    10
         Long sword        |       |       |    58 |    81 |       |       |       |       |       ||   139
         Scimitar          |       |       |       |   145 |   816 |  1365 |  1319 |  1528 |   174 ||  5347
         Demon blade       |       |       |       |       |       |       |       |       |   230 ||   230
  Throw: Dart              |       |       |       |     1 |       |       |       |       |       ||     1
 Invoke: Stomp             |       |       |     2 |     3 |     8 |    13 |    11 |    15 |     3 ||    55
         Grand Finale      |       |       |       |     1 |       |     9 |    12 |    12 |     5 ||    39
         Line Pass         |       |       |       |       |       |       |     2 |     2 |       ||     4
  Evoke: Wand              |     4 |     6 |     4 |     1 |     4 |     2 |     2 |       |     1 ||    24
         Tin of tremorston |       |       |       |       |       |     1 |     6 |     3 |       ||    10
    Use: Scroll            |     1 |     7 |     4 |    14 |    10 |     5 |     5 |     7 |     8 ||    61
         Potion            |       |       |       |     1 |     1 |     2 |    12 |     1 |    13 ||    30
   Stab: Sleeping          |       |    12 |    16 |     6 |    18 |     9 |     5 |     6 |       ||    72
         Paralysed         |       |     4 |    18 |    30 |    91 |   150 |   176 |   224 |    60 ||   753
         Distracted        |       |       |     1 |       |     3 |     1 |     2 |     2 |       ||     9
         Confused          |       |       |       |       |       |     1 |     2 |       |       ||     3
 Armour: Leather armour    |     5 |    31 |   128 |    93 |       |       |       |       |       ||   257
         Steam dragon scal |       |       |       |       |    64 |       |       |       |       ||    64
         Troll leather arm |       |       |       |       |    69 |   434 |   312 |    12 |       ||   827
         Swamp dragon scal |       |       |       |       |       |       |       |   154 |       ||   154
         Ring mail         |       |       |       |       |       |       |       |    75 |    34 ||   109
  Dodge: Dodged            |     3 |    87 |   178 |   193 |   404 |   759 |   977 |   947 |   208 ||  3756
  Block: Kite shield       |       |       |       |       |   663 |  1204 |  1151 |  1137 |   220 ||  4375
         Reflection        |       |       |       |       |    44 |    19 |    50 |       |       ||   113

Table legend: (Time is in decaauts)
 A = Elapsed time spent in this place.
 B = Non-inter-level travel time spent in this place.
 C = Inter-level travel time spent in this place.
 D = Time resting spent in this place.
 E = Time spent auto-exploring this place.
 F = Levels seen in this place.
 G = Mean time per level.
                   A        B        C        D        E       F      G
               +--------+--------+--------+--------+--------+-----+--------+
         Total |  49114 |  43876 |   5238 |   6449 |  25316 |  47 | 1045.0 |
       Dungeon |  13971 |  12060 |   1911 |   1168 |   7810 |  15 |  931.4 |
        Temple |    206 |    179 |     27 |      0 |    166 |   1 |  206.0 |
          Lair |   5511 |   4767 |    744 |    867 |   2803 |   5 | 1102.2 |
         Swamp |   3494 |   3133 |    361 |    624 |   1610 |   4 |  873.5 |
   Spider Nest |   4868 |   4379 |    489 |   1011 |   2097 |   4 | 1217.0 |
  Orcish Mines |   1371 |   1220 |    151 |      0 |    870 |   2 |  685.5 |
        Vaults |   7381 |   6614 |    767 |    807 |   3788 |   5 | 1476.2 |
        Depths |   5428 |   4965 |    463 |    380 |   3304 |   4 | 1357.0 |
           Zot |   6037 |   5715 |    322 |   1509 |   2502 |   5 | 1207.4 |
      Ice Cave |    399 |    399 |      0 |     34 |    146 |   1 |  399.0 |
      Gauntlet |    442 |    442 |      0 |     47 |    218 |   1 |  442.0 |
               +--------+--------+--------+--------+--------+-----+--------+

Top non-repeatable levels by time:
Depths:3: 2044 daAuts
   Zot:5: 2003 daAuts
Vaults:5: 1833 daAuts
    D:13: 1578 daAuts
Vaults:4: 1544 daAuts
Vaults:3: 1533 daAuts
  Lair:5: 1513 daAuts
Spider:1: 1492 daAuts
Spider:3: 1356 daAuts
Spider:4: 1332 daAuts
   Zot:1: 1315 daAuts
  Lair:1: 1293 daAuts
     D:4: 1289 daAuts
  Lair:2: 1272 daAuts
Depths:1: 1255 daAuts
